 Dungeon Crawl Stone Soup version 0.31-a0-536-ga3e2962e35 (webtiles) character file.

Game seed: 3368121603050249001

970 JackS81 the Grappler (level 8, -11/64 HPs)
             Began as a Naga Shapeshifter on Aug 13, 2023.
             Was an Initiate of Gozag.
             Mangled by an orc warrior
             ... wielding a +0 glaive
              (20 damage)
             ... on level 6 of the Dungeon.
             The game lasted 00:17:18 (4528 turns).

JackS81 the Grappler (Naga Shapeshifter)            Turns: 4528, Time: 00:17:19

Health: -11/64     AC:  3    Str: 23    XL:     8   Next: 16%
Magic:  8/8        EV:  9    Int: 12    God:    Gozag
Gold:   296        SH:  0    Dex: 11    Spells: 7/7 levels left

rFire   . .          .
                       - Unarmed
rCold   . . .        (no shield)
rNeg    . . .        a - +0 animal skin
rPois   +            (helmet currently unavailable)
rElec   .            (cloak currently unavailable)
rCorr   .            (gloves currently unavailable)
SInv    +            (no barding)
Will    +....        u - amulet of the acrobat
Stlth   +            g - +6 ring of strength
HPRegen 0.30/turn    (no ring)
MPRegen 0.11/turn

%: acrobat
@: short of breath, beast-form, very slow
A: beast (slay +3), AC +2, large, see invisible, deformed body, poison
resistance, slowness 2, spit poison 1, naga tail 1
a: Spit Poison, Begin Untransformation, Renounce Religion, Potion Petition, Call
Merchant, Bribe Branch


You were on level 6 of the Dungeon.
You worshipped Gozag.
Gozag was aware of your devotion.
You were a hulking beast.
You visited 1 branch of the dungeon, and saw 6 of its levels.

You collected 340 gold pieces.
You paid 44 gold pieces to Gozag.

Inventory:

Hand Weapons
 v - a +0 whip of electrocution
Missiles
 i - 55 stones
Armour
 a - a +0 animal skin (worn)
 e - a +2 cloak of preservation
 B - a +1 cloak of preservation
Magical Staves
 z - a staff of poison
Jewellery
 g - a +6 ring of strength (left hand)
 u - an amulet of the acrobat (around neck)
Talismans
 c - a beast talisman (active)
 d - a flux talisman
 l - a granite talisman
Wands
 k - a wand of flame (26)
Scrolls
 b - a scroll of amnesia {unknown}
 f - 3 scrolls of teleportation
 h - a scroll of poison
 m - a scroll of enchant armour {unknown}
 n - a scroll of torment {unknown}
 q - 2 scrolls of immolation
 r - a scroll of noise {unknown}
 w - a scroll of fear {unknown}
 x - a scroll of brand weapon {unknown}
 C - 3 scrolls of identify
 D - a scroll of fog {unknown}
Potions
 j - a potion of ambrosia
 o - a potion of enlightenment
 p - 2 potions of heal wounds {unknown}
 s - a potion of brilliance {unknown}
 A - 2 potions of curing {unknown}
Miscellaneous
 y - a lightning rod (4/4)


   Skills:
 - Level 1.0 Fighting
 - Level 1.5 Dodging
 * Level 8.1 Unarmed Combat
 + Level 0.8 Evocations
 * Level 5.2 Shapeshifting


You had 7 spell levels left.
You didn't know any spells.
Your spell library contained the following spells:

 Spells                   Type           Power      Damage    Failure   Level
 Necrotise                Necr           0%         1d4       32%         1
 Vampiric Draining        Necr           0%         2d6       69%         3
 Agony                    Necr           0%         N/A       100%        5


Dungeon Overview and Level Annotations

Branches:
Dungeon (6/15)
 Temple: D:4-7

Altars:
Gozag
The Shining One


Innate Abilities, Weirdness & Mutations

You are a hulking beast.
Your limbs bulge with bestial killing power. (Slay +3)
Your serpentine skin is tough. (AC +2)
You have supernaturally acute eyesight. (SInv)
Armour fits poorly on your strangely shaped body.
Your system is resistant to poisons. (rPois)
You cover ground very slowly.
You can spit poison.
You have a snake-like lower body.


Message History

The orc warrior's wounds heal themselves!
Throw: dart (poison)
Press: ? - help, Q - select action, (/) - cycle Shift-Dir - straight line, f/p - orc priest
Aim: an orc priest, wielding a +0 dagger and wearing a +0 scale mail (lightly wounded, poisoned, 60% to hit)
You throw a poisoned dart. The poisoned dart hits the orc warrior.
The orc warrior is poisoned.
The orc priest looks more healthy.
The orc priest mumbles some strange prayers to Beogh against you.
Beogh smites you! The orc warrior closely misses you.
Aiming: Spit Poison (1% risk of failure)
Press: ? - help, Shift-Dir - straight line, f - orc warrior
Aim: an orc warrior, wielding a +0 glaive and wearing a +0 chain mail (lightly wounded, poisoned, 60% to hit)
The splash of poison hits the orc warrior but does no damage.
The orc warrior is lightly wounded.
The orc warrior hits you from afar with a +0 glaive!
The orc priest calls upon Beogh to heal the orc warrior.
The orc warrior's wounds heal themselves!
The orc warrior completely misses you.
You hit the orc warrior but do no damage.
The orc warrior looks more healthy.
The orc priest looks braver for a moment.
The orc warrior hits you with a +0 glaive!!
You hit the orc warrior.
The orc warrior is moderately wounded.
The orc warrior barely misses you.
You hit the orc warrior but do no damage.
The orc warrior is moderately wounded.
The orc priest begins to cast a cantrip, but forgets the words!
The orc warrior hits you with a +0 glaive!!
* * * LOW HITPOINT WARNING * * *
You closely miss the orc warrior.
The orc warrior is moderately wounded.
Okay, then.
Okay, then.
The air fills with toxic fumes!
As you read the scroll of poison, it crumbles to dust.
The orc warrior hits you with a +0 glaive!!
You die...
Your body crumbles into a pile of gold. <....##....#....# ...........#....# .....§.....#....# ..oo.§§o...#....###### .....##§...#....#....# .oo

##§§..#....#....#
.
#§§§§.#...§#....#
#§§§§o###§##§§§.#
##§§§ooh§§§§§§§.#
#§§§§##§§§§§§§.#
##§§§.##§§§§§§§.#
#§§§....§§§§§§§.#
##§.....§§§§§§§.#
##....##§###§§§.#
#.....##§§##§§§.#
#......#§§#.<§§.#
#......#..#.....#


You could see an orc warrior, an orc priest and an orc.

Vanquished Creatures
  A wyvern (D:4)
  2 phantoms
  4 scorpions (D:4)
  An orc priest (D:3)
  Crazy Yiuf (D:4)
  A hound (D:5)
  Jessica (D:2)
  3 iguanas
  Natasha (twice) (D:2)
  Terence (D:3)
  2 orc wizards
  3 adders
  A worm (D:3)
  4 dart slugs
  13 orcs
  5 ball pythons
  7 endoplasms
  5 giant cockroaches
  3 goblins
  9 hobgoblins
  4 kobolds
  6 quokkas
  3 bats
  2 frilled lizards (D:3)
  8 rats
92 creatures vanquished.

Notes
Turn   | Place    | Note
-------+----------+-------------------------------------------
     0 | D:1      | JackS81 the Naga Shapeshifter began the quest for the Orb.
     0 | D:1      | Reached XP level 1. HP: 18/18 MP: 1/1
   253 | D:1      | Reached XP level 2. HP: 24/25 MP: 2/2
   680 | D:2      | Noticed Jessica
   687 | D:2      | Killed Jessica
   688 | D:2      | Reached XP level 3. HP: 22/31 MP: 3/3
   829 | D:2      | Noticed Natasha
   839 | D:2      | Killed Natasha
   840 | D:2      | Reached skill level 4 in Unarmed Combat
   840 | D:2      | Reached XP level 4. HP: 15/38 MP: 4/4
  1271 | D:2      | Noticed Natasha
  1287 | D:2      | Killed Natasha
  1288 | D:2      | Reached XP level 5. HP: 16/44 MP: 5/5
  1396 | D:2      | Found a faded altar of an unknown god.
  1559 | D:3      | Noticed Terence
  1565 | D:3      | Killed Terence
  1791 | D:3      | Reached skill level 5 in Unarmed Combat
  2672 | D:4      | Reached XP level 6. HP: 6/51 MP: 6/6
  3130 | D:4      | Found a glowing golden altar of the Shining One.
  3130 | D:4      | Found an opulent altar of Gozag.
  3130 | D:4      | Noticed a wyvern
  3137 | D:4      | Killed a wyvern
  3138 | D:4      | Reached skill level 6 in Unarmed Combat
  3138 | D:4      | Reached XP level 7. HP: 31/57 MP: 7/7
  3246 | D:4      | Became a worshipper of Gozag Ym Sagoz the Greedy
  3366 | D:4      | Found a runed translucent door.
  3367 | D:4      | Noticed Crazy Yiuf
  3380 | D:4      | Killed Crazy Yiuf
  3534 | D:4      | Reached skill level 7 in Unarmed Combat
  3823 | D:5      | Entered Level 5 of the Dungeon
  3830 | D:4      | Reached skill level 5 in Shapeshifting
  4106 | D:5      | Reached XP level 8. HP: 55/64 MP: 8/8
  4450 | D:6      | Reached skill level 8 in Unarmed Combat
  4528 | D:6      | Mangled by an orc warrior

Illustrated notes

Levels and vault maps discovered:
D:1:      matt_arrival_refuge, layout_rooms
D:2:      layout_basic, ebering_ecumenical_altar_mist, minmay_tetromino_s2,
          uniq_jessica, uniq_natasha
D:3:      layout_loops_ring, minmay_checkerbox, uniq_terence
D:4:      layout_basic, gammafunk_temple_overflow_pools, uniq_crazy_yiuf_cottage
D:5:      layout_rooms
D:6:      layout_gridville, lemuel_doored_altar, uniq_eustachio, uniq_duvessa,
          uniq_edmund

Skill      XL: |  1  2  3  4  5  6  7  8 |
---------------+-------------------------+-----
Unarmed Combat | 4 5 6 7 8 |  8.1
Shapeshifting  | 4 5 |  5.2
Fighting       | |  1.0
Dodging        | |  1.5
Evocations     | |  0.8

Action                     |  1- 3 |  4- 6 |  7- 9 || total
---------------------------+-------+-------+-------++-------
  Melee: Unarmed           |    50 |   129 |    96 ||   275
         Punch             |     1 |     1 |     8 ||    10
  Throw: Dart              |       |     3 |     8 ||    11
Ability: Spit Poison       |     1 |     1 |     1 ||     3
  Evoke: Lightning rod     |       |     1 |       ||     1
    Use: Potion            |     1 |     1 |       ||     2
         Scroll            |       |       |     5 ||     5
   Stab: Sleeping          |       |     1 |       ||     1
 Armour: Animal skin       |     9 |    35 |    13 ||    57
         Skin              |     2 |    14 |     4 ||    20
  Dodge: Dodged            |    17 |    57 |    54 ||   128
         Form:             |     1 |       |       ||     1
         Beast             |       |     4 |     1 ||     5
         Statue            |       |     2 |     1 ||     3
         Flux              |       |     1 |       ||     1

Table legend: (Time is in decaauts)
 A = Elapsed time spent in this place.
 B = Non-inter-level travel time spent in this place.
 C = Inter-level travel time spent in this place.
 D = Time resting spent in this place.
 E = Time spent auto-exploring this place.
 F = Levels seen in this place.
 G = Mean time per level.
                   A        B        C        D        E       F      G
               +--------+--------+--------+--------+--------+-----+--------+
         Total |   5714 |   5559 |    155 |    726 |   3871 |   6 |  952.3 |
       Dungeon |   5714 |   5559 |    155 |    726 |   3871 |   6 |  952.3 |
               +--------+--------+--------+--------+--------+-----+--------+

Top non-repeatable levels by time:
     D:4: 1795 daAuts
     D:3: 1266 daAuts
     D:2: 921 daAuts
     D:1: 891 daAuts
     D:5: 736 daAuts
     D:6: 102 daAuts
